 Dungeon Crawl Stone Soup version 0.29-a0-902-g0f71de6fce (webtiles) character file.

Game seed: 15664662402478708025

16464 Bane the Blocker (level 12, -1/100 HPs)
             Began as a Formicid Monk on July 17, 2022.
             Was a High Priest of Okawaru.
             Killed from afar by an acid dragon (28 damage)
             ... with a splash of acid
             ... on level 11 of the Dungeon on July 25, 2022.
             The game lasted 00:40:14 (14433 turns).

Bane the Blocker (Formicid Monk)                   Turns: 14433, Time: 00:40:15

Health: -1/100     AC: 10    Str: 17    XL:     12   Next: 70%
Magic:  16/18      EV: 17    Int: 10    God:    Okawaru [*****.]
Gold:   571        SH: 22    Dex: 26    Spells: 11/11 levels left

rFire   . . .      SeeInvis +   v - +4 long sword (freeze)
rCold   . . .      Faith    .   g - +0 kite shield
rNeg    . . .      Spirit   .   q - +0 ring mail
rPois   .          Reflect  +   (helmet unavailable)
rElec   .          Harm     .   (no cloak)
rCorr   .          Rampage  .   h - +0 pair of gloves
Will    +....                   (no boots)
Stlth   ++++......              n - amulet of reflection
HPRegen 0.26/turn               J - +4 ring of slaying
MPRegen 0.16/turn               c - +6 ring of dexterity

@: heroic, studying Shields
A: permanent stasis, dig shafts and tunnels, antennae 3, four strong arms
a: Dig, Shaft Self, Renounce Religion, Heroism, Finesse, Duel


You were on level 11 of the Dungeon.
You worshipped Okawaru.
Okawaru was extremely pleased with you.
You visited 2 branches of the dungeon, and saw 12 of its levels.
You also visited: Bailey.

You collected 593 gold pieces.
You spent 22 gold pieces at shops.

Inventory:

Hand Weapons
 a - a +0 falchion
 v - a +4 long sword of freezing (weapon)
 y - a +1 double sword of protection
 G - a +0 arbalest of freezing
Armour
 b - a +0 robe
 g - a +0 kite shield (worn)
 h - a +0 pair of gloves (worn)
 q - a +0 ring mail (worn)
Jewellery
 c - a +6 ring of dexterity (right hand)
 n - an amulet of reflection (around neck)
 r - a +4 ring of protection
 u - a +6 ring of strength
 J - a +4 ring of slaying (left hand)
Wands
 e - a wand of mindburst (10)
 f - a wand of flame (16)
 p - a wand of polymorph (4)
 I - a wand of roots (9)
Scrolls
 i - 4 scrolls of vulnerability {unknown}
 k - 5 scrolls of teleportation {unknown}
 l - 5 scrolls of identify
 m - 2 scrolls of fog {unknown}
 o - 2 scrolls of amnesia {unknown}
 s - 2 scrolls of enchant weapon {unknown}
 t - 2 scrolls of enchant armour {unknown}
 w - a scroll of poison {unknown}
 C - a scroll of silence {unknown}
 D - a scroll of blinking {unknown}
 F - a scroll of magic mapping
 K - a scroll of acquirement {unknown}
Potions
 d - a potion of curing
 j - 6 potions of mutation
 x - 2 potions of cancellation
 z - 5 potions of heal wounds
 A - 2 potions of might
 B - a potion of magic
 E - 3 potions of brilliance
 H - a potion of attraction {unknown}


   Skills:
 * Level 11.1(16.1) Fighting
 * Level 10.2(15.2) Long Blades
 * Level 10.4(15.4) Armour
 - Level 2.7(7.7) Dodging
 - Level 2.4(7.4) Stealth
 + Level 13.7(18.7) Shields
 * Level 9.3 Invocations


You had 11 spell levels left.
You didn't know any spells.
Your spell library contained the following spells:

 Spells                   Type           Power      Damage    Failure   Level
 Ensorcelled Hibernation  Hex/Ice        0%         N/A       75%         2
 Sublimation of Blood     Necr           0%         N/A       75%         2
 Wereblood                Tmut           0%         N/A       75%         2
 Confusing Touch          Hex            0%         N/A       93%         3
 Ignite Poison            Fire/Tmut/Pois 0%         N/A       93%         3
 Mephitic Cloud           Conj/Pois/Air  0%         N/A       93%         3
 Ozocubu's Armour         Ice            0%         N/A       93%         3
 Spider Form              Tmut/Pois      0%         N/A       93%         3
 Anguish                  Hex/Necr       0%         N/A       100%        4
 Freezing Cloud           Conj/Ice/Air   0%         6-21      100%        5
 Metabolic Englaciation   Hex/Ice        0%         N/A       100%        5
 Yara's Violent Unravell  Hex/Tmut       0%         3d3       100%        5
 Enfeeble                 Hex            0%         N/A       100%        7
 Orb of Destruction       Conj           0%         9d5       100%        7
 Summon Guardian Golem    Hex/Summ       Unusable   N/A       N/A         3
 Simulacrum               Ice/Necr       Unusable   N/A       N/A         6
 Spellforged Servitor     Conj/Summ      Unusable   N/A       N/A         7
 Summon Hydra             Summ           Unusable   N/A       N/A         7

Dungeon Overview and Level Annotations

Branches:
Dungeon (11/15)            Temple (1/1) D:4            Lair (0/5) D:10
 Bailey (visited)
    Orc: D:9-12

Altars:
Ashenzari
Cheibriados
Dithmenos
Elyvilon
Fedhas
Gozag
Hepliaklqana
Kikubaaqudgha
Makhleb
Nemelex Xobeh
Okawaru
Qazlal
Ru
Sif Muna
Trog
Uskayaw
Vehumet
Wu Jian
Xom
Yredelemnul
Zin
The Shining One

Shops:
D:1 :   D:5 :   D:6 (   D:9 ?


Innate Abilities, Weirdness & Mutations

You cannot be hasted, slowed, berserked, paralysed or teleported.
You can dig through walls and to a lower floor.
You have a pair of large antennae on your head. (SInv)
Your four strong arms can wield two-handed weapons with a shield.


Message History

The acid dragon roars!
You hear a horrible gurgling sound!
You hear a shout!
The wyvern misses you.
You slash the wyvern! You freeze the wyvern.
The wyvern is heavily wounded.
The wyvern bites you!
You completely miss the wyvern.
The wyvern is heavily wounded.
The wyvern closely misses you.
You slash the wyvern! You freeze the wyvern.
You kill the wyvern!
Okawaru accepts your kill.
You slash the white ugly thing! You freeze the white ugly thing.
The white ugly thing is moderately wounded.
You block the white ugly thing's attack.
An orc priest comes into view. It is wielding a +0 club.
You slash the white ugly thing! You freeze the white ugly thing.
The white ugly thing is heavily wounded.
The white ugly thing tentacle-slaps you.
The white ugly thing freezes you!
You gain the combat prowess of a mighty hero.
You block the white ugly thing's attack.
You hit the white ugly thing.
The white ugly thing is severely wounded.
The white ugly thing tentacle-slaps you!
The white ugly thing freezes you!!
* * * LOW HITPOINT WARNING * * *
You slash the white ugly thing! You freeze the white ugly thing.
The white ugly thing is almost dead.
You block the white ugly thing's attack.
You slash the white ugly thing! You freeze the white ugly thing.
You kill the white ugly thing!
Okawaru is honoured by your kill.
You hit the acid dragon. You freeze the acid dragon.
The acid dragon is moderately wounded.
You block the acid dragon's attack. The acid dragon barely misses you.
The acid dragon attacks as you move away!
The acid dragon misses you. You block the acid dragon's attack.
The acid dragon spits acid at you. The splash of acid hits you!!
You die...

#.# #...# #.# #...# ### #.#
#...# ...# #########.######
#...# ....W
..........†....####...#....D.
.........○#......##...'.....y
############.....##...#...{..
#).....#o..# .....
###..@.DW..# W..# ##########
### ##### ..... #####


You could see an acid dragon (catching breath), a shadow and an orc priest.

Vanquished Creatures
  A boulder beetle (D:11)
  6 two-headed ogres
  An ugly thing (D:11)
  Maurice (D:11)
  A gargoyle (D:10)
  An unseen horror (D:11)
  A komodo dragon (D:10)
  4 polar bears (D:10)
  2 trolls (D:10)
  A hornet (D:10)
  Grinder (D:6)
  A centaur simulacrum (D:10)
  6 wyverns
  2 vampires
  A wraith (D:5)
  11 yaks
  An unseen horror simulacrum (D:10)
  Grum (D:9)
  3 steam dragons
  Menkaure (D:7)
  Edmund (D:6)
  2 vampire mosquitoes (D:10)
  5 water moccasins
  6 orc warriors
  An ice beast (D:7)
  3 sky beasts
  2 ogres
  2 wolves (D:9)
  4 centaurs
  A phantom (D:5)
  4 kobold brigands
  A bullfrog (D:7)
  A gnoll sergeant (D:9)
  2 necrophages (D:6)
  4 scorpions
  9 wights
  18 killer bees
  4 howler monkeys
  2 jellies (D:5)
  2 hounds
  2 orc priests
  Terence (D:2)
  3 iguanas (D:6)
  4 orc wizards
  Robin (D:2)
  14 gnolls
  12 adders
  3 white imps
  2 howler monkey simulacra (D:10)
  3 ufetubi
  3 worms
  38 orcs
  4 bats
  5 endoplasms
  14 hobgoblins
  3 quokkas
  5 ball pythons
  3 frilled lizards
  11 goblins
  12 kobolds
  3 rats
267 creatures vanquished.

Vanquished Creatures (others)
  A kobold (D:9)
  6 plants (D:10)
7 creatures vanquished.

Grand Total: 274 creatures vanquished

Notes
Turn   | Place    | Note
-------+----------+-------------------------------------------
     0 | D:1      | Bane the Formicid Monk began the quest for the Orb.
     0 | D:1      | Reached XP level 1. HP: 18/18 MP: 1/1
   353 | D:1      | Reached XP level 2. HP: 17/24 MP: 2/2
   485 | D:1      | Reached skill level 1 in Armour
   687 | D:1      | Found Guistric's Book Emporium.
   740 | D:1      | Found a faded altar of an unknown god.
  1317 | D:2      | Noticed Terence
  1337 | D:2      | Killed Terence
  1338 | D:2      | Reached skill level 1 in Shields
  1338 | D:2      | Reached XP level 3. HP: 21/30 MP: 3/3
  1503 | D:2      | Noticed Robin
  1517 | D:2      | Reached XP level 4. HP: 33/33 MP: 4/4
  1530 | D:2      | Killed Robin
  1796 | D:2      | Reached skill level 2 in Shields
  2369 | D:3      | Reached XP level 5. HP: 40/42 MP: 5/5
  2586 | D:3      | You fall into a shaft and drop 2 floors!
  2586 | D:5      | Entered Level 5 of the Dungeon
  2766 | D:4      | Found a staircase to the Ecumenical Temple.
  2771 | Temple   | Entered the Ecumenical Temple
  2857 | D:4      | Found a white marble altar of Elyvilon.
  2874 | D:4      | Found a sparkling altar of Nemelex Xobeh.
  3073 | D:5      | Reached skill level 3 in Shields
  3073 | D:5      | Reached XP level 6. HP: 46/49 MP: 6/6
  3220 | D:5      | Noticed a wraith
  3285 | D:5      | Killed a wraith
  3286 | D:5      | Reached skill level 5 in Fighting
  3286 | D:5      | Reached skill level 4 in Shields
  3286 | D:5      | Reached XP level 7. HP: 23/56 MP: 7/7
  3569 | D:3      | Reached skill level 5 in Shields
  3820 | D:3      | Found an ornate altar of the Wu Jian Council.
  3824 | D:3      | Found a broken altar of Ashenzari.
  3824 | D:3      | Found a hide-covered altar of Uskayaw.
  3824 | D:3      | Found a basalt altar of Yredelemnul.
  3828 | D:3      | Found a snail-covered altar of Cheibriados.
  4331 | D:5      | Noticed a water moccasin
  4356 | D:5      | Killed a water moccasin
  4357 | D:5      | Reached skill level 5 in Long Blades
  4726 | D:5      | Reached skill level 6 in Shields
  4726 | D:5      | Reached XP level 8. HP: 64/64 MP: 8/8
  4878 | D:5      | Found Roubb's Book Shop.
  5383 | D:5      | Found a radiant altar of Vehumet.
  5392 | D:5      | Found an iron altar of Okawaru.
  5396 | D:5      | Became a worshipper of Warmaster Okawaru
  5396 | D:5      | Reached * piety under Okawaru
  5396 | D:5      | Reached ** piety under Okawaru
  6106 | D:4      | Reached skill level 7 in Shields
  6371 | D:6      | Found a burning altar of Makhleb.
  6492 | D:6      | Found a shadowy altar of Dithmenos.
  6651 | D:6      | Reached skill level 8 in Shields
  6655 | D:6      | Reached skill level 5 in Armour
  6687 | D:6      | Reached XP level 9. HP: 17/64 MP: 9/9
  6734 | D:6      | HP: 3/62 [wight/+0 spear (8)]
  6735 | D:6      | Reached *** piety under Okawaru
  7070 | D:6      | Noticed Grinder
  7082 | D:6      | Killed Grinder
  7083 | D:6      | Reached skill level 9 in Shields
  7150 | D:6      | Identified the +1 robe of the Valley {rPois}
  7192 | D:6      | Noticed Edmund
  7202 | D:6      | Killed Edmund
  7203 | D:6      | Reached skill level 1 in Invocations
  7403 | D:6      | Found a blossoming altar of Fedhas.
  7519 | D:6      | Found Nastrur's Weapon Shop.
  7668 | D:6      | Found a stormy altar of Qazlal.
  7830 | D:7      | Reached skill level 10 in Shields
  7956 | D:7      | Reached **** piety under Okawaru
  7997 | D:7      | Reached XP level 10. HP: 79/80 MP: 12/12
  8054 | D:7      | Noticed Menkaure
  8061 | D:7      | Killed Menkaure
  9016 | D:8      | Noticed a two-headed ogre
  9025 | D:8      | Killed a two-headed ogre
  9026 | D:8      | Reached skill level 11 in Shields
  9026 | D:8      | Reached skill level 5 in Invocations
  9122 | D:8      | Noticed a two-headed ogre
  9131 | D:8      | Reached ***** piety under Okawaru
  9137 | D:8      | Killed a two-headed ogre
  9137 | D:8      | Received a gift from Okawaru
  9137 | D:8      | Received a gift from Okawaru
  9760 | D:8      | Reached XP level 11. HP: 40/89 MP: 15/15
 10315 | D:8      | Noticed a two-headed ogre
 10325 | D:8      | Killed a two-headed ogre
 10538 | D:9      | Received a gift from Okawaru
 10555 | D:9      | Reached skill level 12 in Shields
 10926 | D:9      | Found a flagged portal.
 10940 | Bailey   | Entered a bailey
 11376 | D:9      | Noticed Grum
 11384 | D:9      | Killed Grum
 11731 | D:9      | Found Xosuon Xakhlu's Magic Scroll Boutique.
 11737 | D:9      | Bought a scroll of identify for 22 gold pieces
 12086 | D:10     | Entered Level 10 of the Dungeon
 12204 | D:10     | Noticed a two-headed ogre
 12217 | D:9      | Reached skill level 10 in Fighting
 12225 | D:10     | Killed a two-headed ogre
 12393 | D:10     | Received a gift from Okawaru
 12515 | D:10     | Reached XP level 12. HP: 87/97 MP: 16/18
 12801 | D:10     | Reached skill level 13 in Shields
 12881 | D:10     | Noticed a two-headed ogre
 12888 | D:10     | Killed a two-headed ogre
 12954 | D:10     | Noticed a two-headed ogre
 12960 | D:10     | Killed a two-headed ogre
 12960 | D:10     | Received a gift from Okawaru
 13030 | D:10     | Reached skill level 10 in Armour
 13590 | D:10     | Found a staircase to the Lair.
 13671 | D:10     | Reached skill level 10 in Long Blades
 13989 | D:10     | Upgraded the game from 0.29-a0-870-g2c972031a6 to
                  | 0.29-a0-902-g0f71de6fce
 14126 | D:11     | Noticed a four-headed hydra
 14175 | D:11     | Noticed Maurice
 14191 | D:11     | Killed Maurice
 14194 | D:11     | Noticed a boulder beetle
 14217 | D:11     | Killed a boulder beetle
 14219 | D:11     | Identified the +4 flail "Xaniad" {freeze, Fly Str+6 Dex-2}
 14433 | D:11     | Killed from afar by an acid dragon

Illustrated notes

Levels and vault maps discovered:
D:1:      lemuel_arrival_funnel, layout_loops_corners,
          hellmonk_ecumenical_altar_heavens_door, serial_shops, shop,
          st_stairs_4, hangedman_glass_teeth
D:2:      layout_loops_ring, uniq_terence, uniq_robin
D:3:      layout_loops_ring, minitemple
D:4:      layout_basic, general_overflow_altar, nemelex_spade_bored_becter,
          minmay_temple_entry_drinking_statues, grunt_decor_junction
D:5:      layout_cave_pods, amethyst_overflow_temple_binary, serial_shops, shop,
          minmay_manual_monolith
D:6:      layout_basic, mainiacjoe_overflow_boulevard, lemuel_tele_altar,
          nicolae_qazlal_eye_of_the_storm, nicolae_dithmenos_shadow_blocks,
          serial_shops, nicolae_lakefront_shop, kennysheep_potato, uniq_grinder,
          uniq_edmund
D:7:      cheibrodos_steamvent, layout_basic, uniq_menkaure
D:8:      layout_loops_cross, chequers_serial_rivers_micro_d,
          nicolae_underground_beach
D:9:      layout_long_grid, enter_bailey_2, serial_shops, shop, uniq_grum
D:10:     wad_woods_structure_01, layout_cave_pools, david_lair_shrubbed,
          serial_ice, serial_ice_i, serial_ice_g, serial_ice_e, serial_ice_b,
          serial_ice_a, serial_ice_h, serial_ice_d, serial_ice_c, serial_ice_n,
          serial_ice_o
D:11:     minmay_opposing_rooms, layout_long_grid, uniq_maurice
Temple:   hellmonk_temple_forest_ring

Skill      XL: |  1  2  3  4  5  6  7  8  9 10 11 12 |
---------------+-------------------------------------+-----
Armour         | 1 2 3 4 5 6 8 9 10 | 10.4
Shields        | 1 2 3 4 6 8 10 11 12 13 | 13.7
Fighting       | 4 5 6 7 9 10 11 | 11.1
Long Blades    | 4 5 6 7 8 9 10 | 10.2
Invocations    | 3 5 8 9 |  9.3
Dodging        | |  2.7
Stealth        | |  2.4

Action                   |  1- 3 |  4- 6 |  7- 9 | 10-12 || total
-------------------------+-------+-------+-------+-------++-------
Melee: Falchion          |    63 |   247 |   298 |       ||   608
       Long sword        |       |       |    72 |   538 ||   610
Invok: Heroism           |       |       |     2 |     7 ||     9
       Finesse           |       |       |       |     2 ||     2
 Abil: Dig               |     1 |       |     2 |     3 ||     6
  Use: Potion            |     3 |     5 |     3 |     1 ||    12
       Scroll            |       |     3 |       |     5 ||     8
 Stab: Sleeping          |     3 |     2 |     6 |    10 ||    21
       Distracted        |     1 |       |       |     1 ||     2
Armor: Robe              |     5 |    12 |       |       ||    17
       Skin              |     1 |       |       |       ||     1
       Ring mail         |       |    49 |   104 |    81 ||   234
Dodge: Dodged            |    32 |    89 |   116 |   151 ||   388
Block: Kite shield       |    11 |   118 |   273 |   476 ||   878
       Reflection        |       |       |     5 |    11 ||    16

Table legend: (Time is in decaauts)
 A = Elapsed time spent in this place.
 B = Non-inter-level travel time spent in this place.
 C = Inter-level travel time spent in this place.
 D = Time resting spent in this place.
 E = Time spent auto-exploring this place.
 F = Levels seen in this place.
 G = Mean time per level.
                   A        B        C        D        E       F      G
               +--------+--------+--------+--------+--------+-----+--------+
         Total |  14556 |  14030 |    526 |   2369 |   8787 |  13 | 1119.7 |
       Dungeon |  14053 |  13527 |    526 |   2193 |   8787 |  11 | 1277.5 |
        Temple |     74 |     74 |      0 |      0 |      0 |   1 |   74.0 |
        Bailey |    429 |    429 |      0 |    176 |      0 |   1 |  429.0 |
               +--------+--------+--------+--------+--------+-----+--------+

Top non-repeatable levels by time:
     D:5: 2056 daAuts
    D:10: 1835 daAuts
     D:8: 1495 daAuts
     D:6: 1473 daAuts
     D:9: 1370 daAuts
     D:1: 1222 daAuts
     D:7: 1210 daAuts
     D:2: 1162 daAuts
     D:4: 1085 daAuts
     D:3: 857 daAuts
  Bailey: 429 daAuts
    D:11: 283 daAuts
  Temple: 74 daAuts
